Cogmind - Beta 13 @@@ ROGUE MODE // 2024.07.21 @ 14:31:43 Player: Beef Result: Destroyed by G-47 Trooper with Particle Gun Performance ------------- Evolutions (2) 1000 Regions Visited (3) 600 Robots Destroyed (44) 220 Value Destroyed (1269) 1269 Prototype IDs (7) 140 Alien Tech Used (0) 0 Bonus (0) 0 TOTAL SCORE: 3229 Bonus ------- None Cogmind --------- Core Integrity 0/550 Matter 290/300 Energy 62/100 System Corruption 0% Temperature Cool (54) Movement Walking (190) Ox1 Location -8/Materials Parts ------- > --- POWER (1) -------- (None) > --- PROPULSION (3) --- Aluminum Leg Improved VTOL Module > --- UTILITY (5) ------ Small Storage Unit Advanced Targeting Computer Hacking Suite > --- WEAPON (2) ------- Advanced Beam Rifle Ion Cannon > --- INVENTORY (8) ---- Light Deuterium Engine Light Nuclear Core Improved Signal Interpreter Terrain Scanner Improved Terrain Scanner Terrain Scan Processor Peak State ------------ > --- POWER ------------ Light Deuterium Engine > --- PROPULSION ------- Aluminum Leg Aluminum Leg Aluminum Leg > --- UTILITY ---------- Cooling System Small Storage Unit Hacking Suite Hacking Suite Hacking Suite > --- WEAPON ----------- Advanced Beam Rifle Katana > --- INVENTORY -------- Light Deuterium Engine Improved Terrain Scanner Advanced Targeting Computer Utility Shielding Shield Generator Ion Cannon Flak Cannon Katana [Rating: 27] Favorites ----------- Power Ion Engine Engine Ion Engine Power Core Light Nuclear Core Propulsion Aluminum Leg Treads Light Treads Leg Aluminum Leg Wheel Wheel Hover Unit Hover Unit Flight Unit Improved VTOL Module Utility Hacking Suite Device Cooling System Storage Small Storage Unit Processor Target Analyzer Hackware Hacking Suite Protection Utility Shielding Weapon Advanced Beam Rifle Energy Gun Advanced Beam Rifle Energy Cannon Ion Cannon Ballistic Gun Light Assault Rifle Ballistic Cannon Flak Cannon Slashing Weapon Katana Build | -11 -10 -9 -8 ------- Run | Yrd Mat Mat Mat Slots Evolved 4 | . . 2 2 Power . | . . . . Propulsion 1 | . . 1 . Utility 3 | . . 1 2 Weapon . | . . . . Parts Attached 55 | 6 4 19 26 Power 7 | 1 1 1 4 Engine 6 | 1 1 1 3 Core 1 | . . . 1 Reactor . | . . . . Propulsion 20 | 2 2 7 9 Treads 2 | 2 . . . Leg 11 | . . 6 5 Wheel 3 | . . . 3 Hover 3 | . 2 1 . Flight 1 | . . . 1 Utility 12 | 1 1 4 6 Device 3 | . 1 1 1 Storage 1 | 1 . . . Processor 3 | . . 2 1 Hackware 4 | . . 1 3 Protection 1 | . . . 1 Artifact . | . . . . Weapon 16 | 2 . 7 7 Energy Gun 7 | 1 . 3 3 Energy Cannon 1 | . . . 1 Ballistic Gun 1 | 1 . . . Ballistic Cannon 1 | . . . 1 Launcher . | . . . . Special Weapon . | . . . . Impact Weapon . | . . . . Slashing Weapon 6 | . . 4 2 Piercing Weapon . | . . . . Special Melee Weapon . | . . . . Unidentified Prototypes 1 | . . 1 . Parts Lost 30 | . 1 9 20 Power 5 | . . 1 4 Propulsion 12 | . . 5 7 Utility 6 | . . 1 5 Weapon 7 | . 1 2 4 Highest Loss Streak 9 | . 1 8 9 To Critical Strikes . | . . . . Average Slot Usage (%) 90 | . 97 92 85 Engine 8 | . 14 11 4 Core 1 | . . . 3 Treads 6 | . 24 . . Leg 10 | . . 11 15 Wheel 1 | . . . 3 Hover 5 | . 3 17 . Device 8 | . 11 6 7 Storage 10 | . 14 11 9 Processor 2 | . . 8 . Hackware 10 | . . 5 19 Protection 1 | . . . 3 Energy Gun 11 | . 14 14 9 Ballistic Gun 3 | . 14 . . Ballistic Cannon 1 | . . . 3 Slashing Weapon 3 | . . 5 4 Naked Turns . | . . . . Heaviest Build 20 | 13 14 16 20 Greatest Support 40 | 40 40 30 30 Greatest Overweight (x) 6 | . . 1 6 Average Overweight (x) . | . . . . Largest Inventory Capacity 8 | 8 8 8 8 Average Capacity 7 | 6 8 8 8 Most Carried 8 | 4 8 8 8 Average Carried 6 | 2 6 7 6 Final Capacity 8 | 8 8 8 8 Final Carried 8 | 4 8 6 6 Class Distribution -------------------- 54% | Mutant 30% | Hacker-Mutant 14% | Scavenger-Mutant Dominant Class ---------------- Mutant | -10/Materials Mutant | -9/Materials Hacker-Mutant | -8/Materials Resources | -11 -10 -9 -8 ----------- Run | Yrd Mat Mat Mat Matter Collected 911 | 220 97 175 419 Remotely . | . . . . Salvage Created 1540 | . 349 507 684 Parts 83 | . 29 18 36 Haulers Intercepted . | . . . . Recyclers Shooed 2 | . 1 1 . Parts Field Recycled . | . . . . Retrieved Matter . | . . . . Parts Self-Destructed . | . . . . Prevented . | . . . . Kills | -11 -10 -9 -8 ------- Run | Yrd Mat Mat Mat Combat Hostiles Destroyed 32 | . 5 11 16 Melee 5 | . . 2 3 Guns 20 | . 5 9 6 Cannons 7 | . . . 7 Classes Destroyed 9 | . 3 2 4 Worker 2 | . . . 2 Builder 5 | . 4 . 1 Tunneler 1 | . . . 1 Recycler 2 | . . 1 1 Watcher 2 | . 1 . 1 Swarmer 5 | . . 2 3 Grunt 25 | . 5 9 11 Sentry 1 | . . . 1 Hunter 1 | . . . 1 Best Kill Streak 7 | . 5 4 7 Combat Bots Only 4 | . 2 4 4 Max Kills in Single Turn 2 | . 1 2 1 Gunslinging . | . . . . Exploded . | . . . . Melee 2 | . . 2 1 Uniques/NPCs Destroyed . | . . . . Combat | -11 -10 -9 -8 -------- Run | Yrd Mat Mat Mat Hostile Shots Fired 381 | . 53 125 203 Missed 115 | . 16 40 59 Damage Taken 3402 | . 421 965 2016 Core 794 | . 85 142 567 Absorbed by Shields . | . . . . Redirected to Shielding 51 | . . . 51 Core Remaining (%) 76 | 100 66 64 . Volleys Fired 146 | 1 36 41 68 Largest 2 | 2 2 2 2 Hottest 122 | 60 60 122 121 Shots Fired 251 | 2 72 54 123 Gun 200 | 2 72 54 72 Cannon 51 | . . . 51 Launcher . | . . . . Special . | . . . . Kinetic 78 | 1 36 . 41 Thermal 132 | . . 54 78 Explosive . | . . . . Electromagnetic 41 | 1 36 . 4 Robot Hit Streak 11 | 2 10 11 8 Robot Miss Streak 5 | . 3 2 5 Penetration Max . | . . . . Secondary Targets 1 | . 1 . . Max Gunslinging Chain 1 | . 1 . . Shots Hit Robots 188 | 2 46 39 101 Core Hits 96 | . 19 13 64 Critical Kills . | . . . . Critical Parts Destroyed . | . . . . Critical Strikes 11 | . 1 7 3 Burn 9 | . . 7 2 Corrupt 1 | . 1 . . Sever 1 | . . . 1 Melee Attacks 23 | . . 3 20 Impact . | . . . . Slashing 23 | . . 3 20 Piercing . | . . . . Sneak Attacks . | . . . . Combat Hostiles . | . . . . Follow-up Attacks 2 | . . 1 1 Damage Inflicted 3496 | 24 623 811 2038 Guns 2233 | 20 560 720 933 Cannons 821 | . . . 821 Explosions 41 | . 41 . . Melee 371 | . . 91 280 Ramming 30 | 4 22 . 4 Kinetic 862 | 8 170 . 684 Thermal 1778 | . 41 720 1017 Explosive . | . . . . Electromagnetic 455 | 12 390 . 53 Impact . | . . . . Slashing 371 | . . 91 280 Piercing . | . . . . Highest Corruption . | . . . . Average Corruption . | . . . . Corruption Purged . | . . . . Corruption Blocked . | . . . . Overload Shots . | . . . . Overflow Damage 27 | . 11 . 16 Projectiles 4 | . . . 4 Explosions 11 | . 11 . . Melee 12 | . . . 12 Knockbacks 19 | . . . 19 Impact . | . . . . Kinetic 16 | . . . 16 Secondary 3 | . . . 3 Self-Inflicted Damage 10 | . 9 . 1 Shots . | . . . . Rammed 8 | 3 4 . 1 Targets Rammed 9 | 3 4 . 2 Kicked 1 | . . . 1 Crushed . | . . . . Highest Temperature 312 | 10 215 312 291 Average Temperature 96 | 7 83 127 84 Received Heat Transfer 1701 | . 225 486 990 Effects 7 | . 1 4 2 Energy Bleed 2 | . 1 1 . Interference 4 | . . 2 2 Short Circuit 1 | . . 1 . Siege Activations . | . . . . Robots Corrupted . | . . . . Combat Hostiles . | . . . . Parts Fried 2 | . 2 . . Impact Corruptions . | . . . . Robots Melted . | . . . . Combat Hostiles . | . . . . Parts Melted 6 | . . 5 1 Heat Transferred 3898 | . 50 1850 1998 Parts Sabotaged . | . . . . Parts Stolen . | . . . . Parts Stripped . | . . . . Power Chain Reactions 1 | . 1 . . Alert | -11 -10 -9 -8 ------- Run | Yrd Mat Mat Mat Peak Influence 356 | . 157 344 356 Initial 144 | . . 61 144 Average 158 | . 62 165 237 Maximum Alert Level 1 | . . 1 1 Low Security (%) 58 | 100 100 59 26 Level 1 41 | . . 40 73 Level 2 . | . . . . Level 3 . | . . . . Level 4 . | . . . . Level 5 . | . . . . High Security . | . . . . Max Security . | . . . . Squads Dispatched 12 | . 4 5 3 Investigation 11 | . 4 4 3 Extermination . | . . . . Reinforcement 1 | . . 1 . Assault . | . . . . Garrison . | . . . . Intercept . | . . . . Searches Triggered . | . . . . Construction Impeded . | . . . . Haulers Reinforced . | . . . . Active Scanning Responses . | . . . . Cargo Convoy Interrupts . | . . . . Stealth | -11 -10 -9 -8 --------- Run | Yrd Mat Mat Mat Distress Signals 4 | . 1 . 3 Communications Jammed . | . . . . Distress Signals . | . . . . Times Spotted 68 | . 15 22 31 Peak Tracking Total 11 | . 6 8 11 Tactical Retreats 4 | . . . 4 Traps | -11 -10 -9 -8 ------- Run | Yrd Mat Mat Mat Traps Triggered 2 | . 2 . . Indirectly . | . . . . Trap Hack Attempts . | . . . . Triggered . | . . . . Disarmed . | . . . . Reprogrammed . | . . . . Reused . | . . . . Traps Extracted . | . . . . Installed . | . . . . Triggered . | . . . . Machines | -11 -10 -9 -8 ---------- Run | Yrd Mat Mat Mat Machines Disabled 1 | . . 1 . Max in Single Turn 1 | . . 1 . Machines Repaired . | . . . . Machines Dismantled . | . . . . Machines Sabotaged . | . . . . Overloaded Fab Kills . | . . . . Hacking | -11 -10 -9 -8 --------- Run | Yrd Mat Mat Mat Machines Accessed 12 | . 3 6 3 Terminals 11 | . 3 6 2 Fabricators . | . . . . Repair Stations . | . . . . Recycling Units 1 | . . . 1 Scanalyzers . | . . . . Garrison Access . | . . . . Total Hacks 51 | . 10 29 12 Successful 24 | . 3 13 8 Failed 27 | . 7 16 4 Catastrophic 5 | . 1 3 1 Database Lockouts . | . . . . Manual 30 | . 6 17 7 Terminals 48 | . 10 29 9 Fabricators . | . . . . Repair Stations . | . . . . Recycling Units 3 | . . . 3 Scanalyzers . | . . . . Garrison Access . | . . . . Terminal Hacks 12 | . 1 8 3 Part Schematic 3 | . . 1 2 Prototype ID Bank 3 | . 1 2 . Branch Access Points 1 | . . 1 . Terminal Index 1 | . . 1 . Recycling Unit Index 1 | . . 1 . Alert Level 2 | . . 2 . Zone Layout 1 | . . . 1 Fabricator Hacks . | . . . . Repair Station Hacks . | . . . . Recycling Unit Hacks 2 | . . . 2 Report Inventory 1 | . . . 1 Retrieve Components 1 | . . . 1 Scanalyzer . | . . . . Garrison Access Hacks . | . . . . Unauthorized Hacks 10 | . 2 5 3 Terminals 9 | . 2 5 2 Botnet 9 | . 2 5 2 Fabricators . | . . . . Repair Stations . | . . . . Recycling Units 1 | . . . 1 Tunnel 1 | . . . 1 Scanalyzers . | . . . . Garrison Access . | . . . . Data Cores Recovered . | . . . . Used . | . . . . Hacking Detections 10 | . 3 5 2 Full Trace Events 9 | . 2 5 2 Feedback Events . | . . . . Feedback Blocked . | . . . . Robot Schematics Acquired . | . . . . Robots Built . | . . . . Authchips . | . . . . Time . | . . . . Total Robot Build Rating . | . . . . Part Schematics Acquired 3 | . . 1 2 Parts Built . | . . . . Authchips . | . . . . Time . | . . . . Total Part Build Rating . | . . . . Parts Repaired . | . . . . Time . | . . . . Parts Recycled . | . . . . Recycled Matter . | . . . . Retrieved Matter . | . . . . Retrieved Components 1 | . . . 1 Parts Scanalyzed . | . . . . Part Schematics Acquired . | . . . . Parts Damaged . | . . . . Bothacking | -11 -10 -9 -8 ------------ Run | Yrd Mat Mat Mat Used RIF Installer . | . . . . Robots Hacked . | . . . . Non-combat . | . . . . Combat . | . . . . Robot Hacks Applied . | . . . . Relay Couplers Released . | . . . . Fabnet Peak Effective % . | . . . . Robots Rewired . | . . . . Allies Hacked . | . . . . Hacks Repelled . | . . . . Allies | -11 -10 -9 -8 -------- Run | Yrd Mat Mat Mat Total Allies . | . . . . Largest Group . | . . . . Highest-Rated Group . | . . . . Highest-Rated Ally . | . . . . Total Orders . | . . . . Ally Attacks . | . . . . Total Damage . | . . . . Kills . | . . . . Allies Corrupted . | . . . . Allies Melted . | . . . . Intel | -11 -10 -9 -8 ------- Run | Yrd Mat Mat Mat Robot Analysis Total . | . . . . Derelict Logs Recovered . | . . . . Drone Launches . | . . . . Drone Recoveries . | . . . . Exploration | -11 -10 -9 -8 ------------- Run | Yrd Mat Mat Mat Turns Passed 1512 | 109 396 348 659 Spaces Moved 838 | 57 207 282 292 Core 5 | 2 . . 3 Treads 191 | 55 136 . . Legs 314 | . . 67 247 Wheels 42 | . . . 42 Hover 286 | . 71 215 . Flight . | . . . . Fastest Speed 50 | 50 56 52 80 Average Speed 108 | 156 124 71 122 Slowest Speed 350 | 160 160 190 350 Overloaded Moves . | . . . . Propulsion Burnouts . | . . . . Robots Hopped . | . . . . Cave-ins Triggered . | . . . . Exploration Rate (%) 23 | 5 43 26 18 Regions Visited 3 Branch Regions . Pre-discovered Areas 1 | . . . 1 Known Exits Taken . | . . . . Unknown Exits Taken 3 | 1 1 1 . Scrap Searched . | . . . . Spaces Dug 2 | . . . 2 Terrain Destroyed 9 | . 6 . 3 Melee 2 | . . . 2 Projectile 1 | . . . 1 AOE 6 | . 6 . . Terrain Rammed . | . . . . Walls Destroyed . | . . . . Machines Disabled . | . . . . Actions | -11 -10 -9 -8 --------- Run | Yrd Mat Mat Mat Total 1163 | 71 282 373 437 Wait 26 | 1 13 1 11 Move 836 | 56 207 281 292 Hop . | . . . . Pick Up 40 | 4 11 12 13 Fast Attach 30 | 6 1 12 11 Attach 15 | . . 5 10 Detach 3 | . . 3 . Swap 10 | . 3 2 5 Drop 28 | . 8 14 6 Fire 146 | 1 36 41 68 Melee 21 | . . 2 19 Ram 2 | . 1 . 1 Kick 1 | . . . 1 Crush 5 | 3 2 . . Escape Stasis . | . . . . Rewire . | . . . . Trap . | . . . . Miscellaneous . | . . . . Route ------- -11/Scrapyard -10/Materials (discovered 2 exits: *Mat / [*Min]) -9/Materials (discovered 2 exits: *Mat / Min) -8/Materials History --------- Turn | Location | Event 23 | -11/Scrapyard | Discovered new exit (range 16) 110 | -11/Scrapyard | Entered Materials 305 | -10/Materials | Build established: Mutant 475 | -10/Materials | Discovered new exit (range 7) 489 | -10/Materials | Discovered new exit (range 5) 506 | -10/Materials | Entered another Materials area 506 | -9/Materials | Evolved 2 slots: Propulsion x1, Utility x1 754 | -9/Materials | Identified exit to Mines 830 | -9/Materials | Discovered new exit (range 13) 854 | -9/Materials | Entered another Materials area 854 | -8/Materials | Evolved 2 slots: Utility x2 879 | -8/Materials | Lost 8 parts (1p4n1u2w) 1115 | -8/Materials | Build established: Hacker-Mutant 1233 | -8/Materials | Core integrity fell below 50% 1255 | -8/Materials | Lost 9 parts (2p3n2u2w) 1367 | -8/Materials | Core integrity fell below 20% 1397 | -8/Materials | Lost 3 parts (3n) 1513 | -8/Materials | Destroyed by G-47 Trooper with Particle Gun Last Messages --------------- Awaiting botnet instructions. 01444_ ALERT: Suspicious activity at Terminal M008. Dispatching Investigation squad. 01463_ Flak Cannon destroyed. 01472_ M-13 Machinist repairs G-47 Trooper. 01472_ Aluminum Leg destroyed. 01477_ Aluminum Leg melted. 01477_ G-47 Trooper destroyed. 01482_ Utility Shielding destroyed. 01483_ Destroyed Backup Laser I. 01484_ Lgt. Nuclear Core destroyed. 01486_ G-47 Trooper suffers critical hit (Burn). 01486_ Imp. Heat Sink destroyed. 01489_ G-47 Trooper destroyed. 01490_ Critical hit (Burn: +37). 01492_ Kicked T-07 Excavator. 01494_ Acquired 10 matter. 01510_ Acquired Imp. VTOL Module. 01511_ K-01 Serf cleans the Processing Tank. 01513_ Critical hit (Burn: +37). Map ----- +----------------------------------------------------+ | ??????????????????????????????????????# ## */ # | | ??????????????????????????????????????# ##=*/ ! # | | ??????????????????????????????????????# ## # | | ???????????????????????????????????############## | | ??????????????????????????????????? """ #???????# | | ??????????????????????????????????? """ #???????# | | ??????????????????????????????????? """ #???????# | | ???????????????????????????????????? #???????# | | ????????????????????????????????????= #???????# | | ???????????????????????????????????? #???????# | | ???????????????????????????????????? #?????### | | ??????????????????????????????#######+######### | | ???????????????????????? + %%!%= |!%+= | | ??????????????????????????????#######=######### | | ????????????????????????####????????#%#???????# ! | | ???????????????????????"" ""????????#!#???????#% | | ????????????????????????""""????????#!######### = | | ????????????????????????""""????????# # ## | | ????????????????????????? ????????#!#! """## | | ????????????????????????? ????????#*+ """## | | ?????????????????#########+##???????#=#%! """#### | | ?????????????????# ######### # #?# | | ?????????????????# %!* [ #! ] #?# | | ?????????????????# Y####%##+##########?# | | ?????????????????# ####;g#####=# ## #?# | | ?????????????????????#!=@g ## # ## #?# | | ?????????????????????#!== """ ## # ## #?# | | ?????????????????????#=== """ # #"" ## #?# | | ?????????????????????# k""" ## #"" #????????# | | ?????????????????????# """ ## #"T #????????## | | ?????????????????????# """ ## #"" #?????????? | | ?????????????????????#! ?## #"" #?????????? | | ?????????????????????# "T"??? # #?????????? | | ?????????????????????# ??? ######?????????? | | ?????????????????????#######???? ???????????????? | | ???????????????????????????????? ???????????????? | | ???????????????????????????????? ???????????????? | | ???????????????????????????????? ???????????????? | | ???????????????????????????????? ???????????????? | | ????????????????????????????????????????????????? | | ????????????????????????????????????????????????? | | ????????????????????????????????????????????????? | | ????????????????????????????????????????????????? | | ????????????????????????????????????????????????? | | ????????????????????????????????????????????????? | | ????????????????????????????????????????????????? | | ????????????????????????????????????????????????? | | ????????????????????????????????????????????????? | | ????????????????????????????????????????????????? | | ????????????????????????????????????????????????? | +----------------------------------------------------+ Best States ------------- Heat Dissipation 53 Energy Generation 14 Energy Capacity 275 Matter Stores 300 Matter Capacity 300 Sight Range 18 Terrain Scan Density 10 Utility Shielding 33 Evasion (%) 55 Targeting Accuracy 8 Target Analysis 5 Recoil Reduction 2 Offensive Hacking 30 Item Schematics ----------------- Imp. Hover Unit | -9/Materials | Hacked Hacking Suite | -8/Materials | Hacked System Shield | -8/Materials | Hacked Robot Schematics ------------------ None Fabricated ------------ Nothing Alien Tech Used ----------------- None Achievements -------------- None Challenges ------------ None Game ------ Seed ReflectiveSpikedCutter Manual? 0 Play Time 00:17:05 Cumulative 74.2 hours Start 2024.07.21 @ 14:18:36 End 2024.07.21 @ 14:31:43 Sessions 1 Manual Loads 0 Difficulty Rogue Special Mode None Game No. 78 Rogue 78 Adventurer 0 Explorer 0 Win Type - Total 0 Types 0/0/0/0/0/0/0/0/0 Lore% 49 Gallery% 57 Achievement% 41 Wizard Run 0 Options --------- Layout 0 ASCII 0 Keyboard 1 Movement Numpad Keybinds 0 Fullscreen 2 Font 18/SmallcapsGlow Map View 76x50 Zoom Use 0% Tactical HUD 1 Map Filters NONE Filters NONE Steam 1 RUN: f84331ed-d24d-4cce-a202-17a9f45639cd